 Dungeon Crawl Stone Soup version 0.26-a0-800-g517d6fe721 (webtiles) character file.

Game seed: 11991159585465842179

74 dickylongcocking the Vexing (level 4, 0/28 HPs)
             Began as an Octopode Arcane Marksman on Nov 12, 2020.
             Slain by Sigmund
             ... wielding a +0 scythe
              (9 damage)
             ... on level 2 of the Dungeon.
             The game lasted 00:02:30 (1559 turns).

dickylongcocking the Vexing (OpAM)                  Turns: 1559, Time: 00:02:32

Health: 0/28       AC:  1    Str:  9    XL:     4   Next: 30%
Magic:  5/5        EV: 13    Int: 16    God:
Gold:   65         SH:  0    Dex: 12    Spells: 1/5 levels left

rFire    . . .     SeeInvis .   a - +0 hunting sling
rCold    . . .     Faith    .   (no shield)
rNeg     . . .     Spirit   .   (helmet restricted)
rPois    .         Reflect  .   (no amulet)
rElec    .         Harm     .   (no ring)
rCorr    .         Rampage  .   (no ring)
MR       .....                  (no ring)
Stlth    ++........             (no ring)
HPRegen  0.09/turn              (no ring)
MPRegen  0.09/turn              (no ring)
                                (no ring)
                                (no ring)

@: confused
A: almost no armour, stealthy swim, amphibious, 8 rings, constrict 8, camouflage
1, gelatinous body 1
a: no special abilities


You were on level 2 of the Dungeon.
You visited 1 branch of the dungeon, and saw 2 of its levels.

You collected 65 gold pieces.

Inventory:

Hand Weapons
 a - a +0 hunting sling (weapon)
Missiles
 b - 83 stones
 c - 50 sling bullets (quivered)
Scrolls
 e - a scroll of identify {unknown}
 f - 2 scrolls of enchant weapon {unknown}
 g - a scroll of noise {unknown}
 l - a scroll of amnesia {unknown}
 m - 2 scrolls of fear {unknown}
 o - a scroll of teleportation {unknown}
Potions
 d - a potion of degeneration {unknown}
 h - a potion of heal wounds
 i - a potion of curing {unknown}
 j - a potion of haste
 k - 2 potions of invisibility {unknown}
 n - a potion of might {unknown}


   Skills:
 + Level 1.3 Fighting
 + Level 3.2 Slings
 + Level 2.2 Dodging
 + Level 1.0 Stealth
 + Level 1.0 Spellcasting
 + Level 3.7 Hexes


You had one spell level left.
You knew the following spells:

 Your Spells              Type           Power        Failure   Level
a - Corona                Hex            ##.....      4%          1
b - Portal Projectile     Hex/Tloc       #.....       32%         3

Your spell library contained the following spells:

 Spells                   Type           Power        Failure   Level
 Slow                     Hex            ##......     8%          2
 Inner Flame              Hex/Fire       #.......     32%         3
 Cause Fear               Hex            ##........   43%         4
 Leda's Liquefaction      Hex/Erth       #.........   71%         4


Dungeon Overview and Level Annotations

Branches:
Dungeon (2/15)

Altars:
Qazlal
Xom

Annotations:
D:2 Sigmund


Innate Abilities, Weirdness & Mutations

You cannot wear most types of armour.
You are very stealthy in the water. (Stealth+)
You are amphibious.
You can wear up to eight rings at the same time.
You can use your tentacles to constrict eight enemies at once.
Your skin changes colour to match your surroundings (Stealth+).
Your rubbery body absorbs attacks. (AC +1, EV +1)


Message History

Press: ? - help, Shift-Dir - straight line, f/p - Sigmund
Aim: Sigmund, wielding a +0 scythe and wearing a +0 robe (almost dead, softly glowing)
You shoot a sling bullet.
Sigmund points at you and mumbles some strange words.
The magic dart hits you!
Firing (i - inventory. (/) - cycle)
c - 53 sling bullets (quivered)
Press: ? - help, Shift-Dir - straight line, f/p - Sigmund
Aim: Sigmund, wielding a +0 scythe and wearing a +0 robe (almost dead, softly glowing)
You shoot a sling bullet. Sigmund closely misses you.
Firing (i - inventory. (/) - cycle)
c - 52 sling bullets (quivered)
Press: ? - help, Shift-Dir - straight line, f/p - Sigmund
Aim: Sigmund, wielding a +0 scythe and wearing a +0 robe (almost dead, softly glowing)
You shoot a sling bullet.
Firing (i - inventory. (/) - cycle)
c - 51 sling bullets (quivered)
Press: ? - help, Shift-Dir - straight line, f/p - Sigmund
Aim: Sigmund, wielding a +0 scythe and wearing a +0 robe (almost dead, softly glowing)
You shoot a sling bullet.
Sigmund stops glowing.
Sigmund looks at you with fury.
Sigmund hits you from afar with a +0 scythe!
You die...

#.#
#........(..##.#####
#.#####.###.......##.#
#.....).# ##.#.......#
######### #.#########
#.# #.# #.# #(# #@#
#.# #@# .(. #(# ...
... (..


You could see Sigmund.

Vanquished Creatures
  Jessica (D:2)
  An ooze (D:2)
  A worm (D:2)
  A dart slug (D:1)
  2 giant cockroaches (D:2)
  9 goblins
  4 hobgoblins
  6 bats
  7 frilled lizards
  4 kobolds
  5 rats
41 creatures vanquished.

Notes
Turn   | Place    | Note
-------+----------+-------------------------------------------
     0 | D:1      | dickylongcocking the Octopode Arcane Marksman began the
                  | quest for the Orb.
     0 | D:1      | Reached XP level 1. HP: 13/13 MP: 2/2
   263 | D:1      | Reached XP level 2. HP: 17/18 MP: 3/3
   802 | D:2      | Reached XP level 3. HP: 23/23 MP: 4/4
   863 | D:2      | Learned a level 3 spell: Portal Projectile
   970 | D:2      | Noticed Jessica
  1033 | D:2      | Killed Jessica
  1033 | D:2      | Reached XP level 4. HP: 28/28 MP: 2/5
  1102 | D:2      | Found a shimmering altar of Xom.
  1108 | D:2      | Found a stormy altar of Qazlal.
  1413 | D:2      | Reached skill level 1 in Stealth
  1545 | D:2      | Noticed Sigmund
  1559 | D:2      | Slain by Sigmund

Illustrated notes

Levels and vault maps discovered:
D:1:      dpeg_arrival_solitude, layout_loops_corners, minmay_tromino_v4_b
D:2:      layout_loops_corners, minitemple, uniq_jessica, uniq_sigmund

Skill      XL: |  1  2  3  4 |
---------------+-------------+-----
Slings         | 3 |  3.2
Stealth        | 1 |  1.0
Fighting       | |  1.3
Dodging        | |  2.2
Spellcasting   | |  1.0
Hexes          | |  3.7

Action                   |  1- 3 |  4- 6 || total
-------------------------+-------+-------++-------
 Fire: Hunting sling     |    80 |    46 ||   126
 Cast: Portal Projectile |     1 |       ||     1
       Corona            |       |     1 ||     1
  Use: Potion            |     3 |       ||     3
Armor: Skin              |     1 |     3 ||     4
Dodge: Dodged            |    10 |    13 ||    23

Table legend: (Time is in decaauts)
 A = Elapsed time spent in this place.
 B = Non-inter-level travel time spent in this place.
 C = Inter-level travel time spent in this place.
 D = Time resting spent in this place.
 E = Time spent auto-exploring this place.
 F = Levels seen in this place.
 G = Mean time per level.
                   A        B        C        D        E       F      G
               +--------+--------+--------+--------+--------+-----+--------+
         Total |   1552 |   1517 |     35 |     27 |   1234 |   2 |  776.0 |
       Dungeon |   1552 |   1517 |     35 |     27 |   1234 |   2 |  776.0 |
               +--------+--------+--------+--------+--------+-----+--------+

Top non-repeatable levels by time:
     D:1: 779 daAuts
     D:2: 772 daAuts
